 Dungeon Crawl Stone Soup version 0.30-a0-726-gd89dcf765f (webtiles) character file.

Game seed: 13162681915824582815

18306 pokeman the Eclecticist (level 12, -4/64 HPs)
             Began as a Deep Elf Hedge Wizard on Jan 29, 2023.
             Was an Elder of Vehumet.
             Slain by a meliai
             ... wielding a +0 war axe
              (11 damage)
             ... on level 12 of the Dungeon.
             The game lasted 00:31:53 (14313 turns).

pokeman the Eclecticist (Deep Elf Hedge Wizard)    Turns: 14313, Time: 00:31:53

Health: -4/64      AC: 13    Str:  4    XL:     12   Next: 26%
Magic:  36/43      EV: 11    Int: 36    God:    Vehumet [****..]
Gold:   1001       SH:  0    Dex: 14    Spells: 26/44 levels left

rFire   + . .      SeeInvis .    A - +12 falchion "Killer Bee's Foe" {freeze, +Blink rC- Str-3 Int+8}
rCold   x . .      Faith    .    (no shield)
rNeg    . . .      Spirit   .    M - +0 acid dragon scales
rPois   .          Reflect  .    S - +2 helmet {Int+3}
rElec   .          Harm     .    C - +0 cloak
rCorr   +          Rampage  .    r - +0 pair of gloves
Will    +....                    n - +0 pair of boots
Stlth   ++                       m - amulet of regeneration
HPRegen 1.10/turn                g - ring of magical power
MPRegen 0.28/turn                R - ring of protection from fire

@: lethally poisoned (-4 -> -6)
A: no striking features
a: Renounce Religion, Evoke Blink


You were on level 12 of the Dungeon.
You worshipped Vehumet.
Vehumet was greatly pleased with you.
You visited 2 branches of the dungeon, and saw 13 of its levels.

You collected 1141 gold pieces.
You spent 140 gold pieces at shops.

Inventory:

Hand Weapons
 w - a +1 flail of pain
 A - the +12 falchion "Killer Bee's Foe" (weapon) {freeze, +Blink rC- Str-3 Int+8}
   (You found it on level 4 of the Dungeon)

   Str:       It affects your strength (-3).
   Int:       It affects your intelligence (+8).
   rC:        It makes you vulnerable to cold.
   +Blink:    It lets you blink.
 B - a +3 quarterstaff of chaos
Missiles
 v - 2 throwing nets
Armour
 n - a +0 pair of boots (worn)
 r - a +0 pair of gloves (worn)
 x - a +2 leather armour of willpower
 C - a +0 cloak (worn)
 J - a +0 buckler
 M - +0 acid dragon scales (worn)
 O - the +1 robe of Ymeoqekh {rElec MP+9 Archmagi}
   (You found it on level 7 of the Dungeon)

   rElec:     It insulates you from electricity.
   MP:        It affects your magic capacity (+9).
   Archmagi:  It increases the power of your magical spells.
 P - +0 swamp dragon scales
 S - a +2 helmet of intelligence (worn)
Magical Staves
 W - a staff of conjuration
Jewellery
 g - a ring of magical power (left hand)
 m - an amulet of regeneration (around neck)
 p - an amulet of faith
 N - a ring of willpower
 R - a ring of protection from fire (right hand)
Wands
 y - a wand of iceblast (20)
 K - a wand of mindburst (20)
 L - a wand of digging (5)
 Q - a wand of charming (4)
 U - a wand of flame (6)
Scrolls
 e - 6 scrolls of fog {unknown}
 f - 9 scrolls of identify
 h - 3 scrolls of vulnerability {unknown}
 j - 3 scrolls of fear {unknown}
 o - 2 scrolls of enchant armour {unknown}
 q - 2 scrolls of amnesia {unknown}
 s - 2 scrolls of blinking {unknown}
 D - 5 scrolls of teleportation
 F - a scroll of immolation {unknown}
 G - a scroll of magic mapping {unknown}
 I - 3 scrolls of torment {unknown}
 T - a scroll of noise {unknown}
 V - 2 scrolls of poison {unknown}
Potions
 a - a potion of resistance {unknown}
 b - a potion of ambrosia {unknown}
 c - a potion of might {unknown}
 d - 3 potions of magic
 i - 2 potions of mutation {unknown}
 k - 5 potions of curing
 l - a potion of berserk rage {unknown}
 t - 5 potions of heal wounds {unknown}
 u - 3 potions of lignification {unknown}
 z - 7 potions of brilliance {unknown}
 E - a potion of flight {unknown}
 H - a potion of cancellation {unknown}
 X - a potion of invisibility {unknown}


   Skills:
 - Level 3.0 Fighting
 - Level 3.4 Armour
 - Level 3.0 Dodging
 - Level 3.0 Stealth
 + Level 5.2 Shields
 * Level 16.5 Spellcasting
 + Level 9.7 Conjurations
 - Level 6.1 Summonings
 - Level 6.0 Necromancy
 - Level 1.1 Translocations
 + Level 6.8 Fire Magic
 - Level 1.0 Air Magic
 - Level 1.1 Earth Magic
 - Level 1.0 Poison Magic
 - Level 1.0 Evocations


You had 26 spell levels left.
You knew the following spells:

 Your Spells              Type           Power      Damage    Failure   Level
a - Magic Dart            Conj           100%       1d8       1%          1
b - Mephitic Cloud        Conj/Pois/Air  55%        N/A       1%          3
c - Call Imp              Summ           65%        N/A       1%          2
d - Blink                 Tloc           74%        N/A       2%          2
e - Foxfire               Conj/Fire      100%       2x1d9     1%          1
f - Stone Arrow           Conj/Erth      100%       3d13      1%          3
g - Iron Shot             Conj/Erth      31%        9d6       13%         6

Your spell library contained the following spells:

 Spells                   Type           Power      Damage    Failure   Level
 Arcjolt                  Conj/Air       31%        1d41      2%          5
 Sandblast                Erth           74%        2d16      1%          1
 Shock                    Conj/Air       100%       1d9       1%          1
 Summon Small Mammal      Summ           100%       N/A       1%          1
 Cigotuvi's Dreadful Rot  Necr/Pois/Air  98%        N/A       1%          2
 Poisonous Vapours        Pois/Air       74%        N/A       1%          2
 Call Canine Familiar     Summ           65%        N/A       1%          3
 Slow                     Hex            100%       N/A       2%          1
 Summon Guardian Golem    Hex/Summ       51%        N/A       2%          3
 Passwall                 Tmut/Erth      27%        N/A       3%          2
 Ensorcelled Hibernation  Hex/Ice        58%        N/A       4%          2
 Swiftness                Air            37%        N/A       5%          3
 Airstrike                Air            18%        2d(3-19)  5%          4
 Animate Armour           Summ/Erth      100%       N/A       6%          4
 Blade Hands              Tmut           14%        N/A       61%         5


Dungeon Overview and Level Annotations

Branches:
Dungeon (12/15)            Temple (1/1) D:5            Lair (0/5) D:10
    Orc (0/2) D:11

Altars:
Ashenzari
Cheibriados
Dithmenos
Elyvilon
Fedhas
Gozag
Hepliaklqana
Kikubaaqudgha
Makhleb
Nemelex Xobeh
Okawaru
Qazlal
Ru
Sif Muna
Trog
Uskayaw
Vehumet
Wu Jian
Xom
Yredelemnul
Zin
The Shining One

Shops:
D:8 *

Annotations:
D:5 2 runed translucent doors, teh's ghost, novice GnWn


Message History

Vehumet accepts your kill. The meliai closely misses you.
The meliai stings you!
You miss the meliai. The meliai hits you with a +0 war axe.
The meliai stings you. The meliai hits you with a +0 war axe.
The meliai stings you.
You are poisoned.
The meliai poisons you! The meliai hits you with a +0 war axe.
The meliai stings you but does no damage.
You hit the meliai but do no damage.
You feel extremely sick. The meliai hits you but does no damage.
The meliai stings you but does no damage.
The meliai invokes the aid of its god against you.
Something smites you! The meliai barely misses you.
The meliai stings you but does no damage.
Casting: Stone Arrow (safe; 1% risk of failure)
Confirm with . or Enter, or press ? or * to list all spells.
Aiming: Stone Arrow (safe; 1% risk of failure)
Press: ? - help, Shift-Dir - straight line, f - meliai
Aim: a meliai, wielding a +0 war axe and wearing a +0 robe (66% to hit)
The stone arrow misses the meliai.
The stone arrow hits the orc!!
You kill the orc!
Vehumet accepts your kill.
You feel your power returning.
You feel very sick. The meliai hits you but does no damage.
The meliai stings you but does no damage.
The meliai mumbles some strange prayers to its god against you.
Something smites you!
* * * LOW HITPOINT WARNING * * *
Casting: Stone Arrow (safe; 1% risk of failure)
Confirm with . or Enter, or press ? or * to list all spells.
Aiming: Stone Arrow (safe; 1% risk of failure)
Press: ? - help, Shift-Dir - straight line, f/p - meliai
Aim: a meliai, wielding a +0 war axe and wearing a +0 robe (66% to hit)
The stone arrow hits the meliai!!
The meliai is almost dead.
You feel very sick. The meliai hits you with a +0 war axe!
You die...

...... ......##.........# ##
##.....####.....##.........## #.
#........##.....##..........####.
#........##.....#####.###........
#........##.....#####.###...####.
#........##.....#..#.............
#........##.....#..#############.
#........#####.##..##........# ##
#####.......[)y@..##........#
######.##########............#
.............#.#.#.##........####
######.#####.#.#.#.##............
#.# #.#.#.#.##.........### #.#
#.#.#.#.######.#...# # #.#
#.#.#.#.##...#.#...# # #.#
#.......##...#.#...# # #.#
###................# #


You could see a meliai.

Vanquished Creatures
  Rupert (D:12)
  A hydra (D:12)
  2 two-headed ogres
  Nergalle (D:12)
  Lodul (D:10)
  2 manticores
  2 ugly things
  2 slime creatures (D:12)
  2 gargoyles
  2 kobold demonologists
  Maggie (D:6)
  Psyche (D:8)
  A komodo dragon (D:10)
  2 meliai (D:12)
  3 trolls
  Grinder (D:6)
  A hornet (D:8)
  2 vampires (D:12)
  4 wraiths
  2 shadows
  2 wyverns
  4 fire bats (D:8)
  Eustachio (D:4)
  A redback simulacrum (D:12)
  8 vampire mosquitoes
  2 water moccasins (D:7)
  A hell hound (D:8)
  3 acid dragons
  Duvessa (D:4)
  3 ice beasts
  4 orc warriors
  2 black bears
  11 ogres
  A centaur (D:10)
  4 kobold brigands
  Blork the orc (D:6)
  2 gnoll sergeants
  2 bullfrogs
  3 necrophages
  2 scorpions
  2 wights (D:6)
  Dowan (D:4)
  12 killer bees
  2 howler monkeys
  2 lava snakes (D:8)
  2 jellies
  3 orc priests
  Crazy Yiuf (D:4)
  3 hounds
  Ijyb (D:4)
  An iguana (D:3)
  Natasha (thrice) (D:4)
  10 orc wizards
  A mummy (D:3)
  Robin (D:3)
  18 gnolls
  8 adders
  2 shadow imps (D:7)
  An ufetubus (D:5)
  4 worms
  2 dart slugs (D:2)
  36 orcs
  6 ball pythons
  7 bats
  8 endoplasms
  13 giant cockroaches
  17 goblins
  6 hobgoblins
  8 jackals
  3 quokkas
  2 frilled lizards
  8 kobolds
  10 rats
  3 fire vortices (D:8)
299 creatures vanquished.

Vanquished Creatures (collateral kills)
  Sigmund (D:4)
  A wight (D:6)
  4 giant cockroaches (D:2)
6 creatures vanquished.

Vanquished Creatures (others)
  265 foxfires
265 creatures vanquished.

Grand Total: 570 creatures vanquished

Notes
Turn   | Place    | Note
-------+----------+-------------------------------------------
     0 | D:1      | pokeman the Deep Elf Hedge Wizard began the quest for the
                  | Orb.
     0 | D:1      | Reached XP level 1. HP: 10/10 MP: 7/7
   335 | D:1      | Reached XP level 2. HP: 13/16 MP: 8/9
   920 | D:2      | Reached skill level 5 in Spellcasting
  1023 | D:2      | Reached XP level 3. HP: 20/20 MP: 10/11
  1027 | D:2      | Learned a level 3 spell: Mephitic Cloud
  1030 | D:2      | Learned a level 2 spell: Call Imp
  1033 | D:2      | Learned a level 2 spell: Blink
  1330 | D:2      | Reached skill level 1 in Fighting
  1330 | D:2      | Reached skill level 1 in Armour
  1514 | D:2      | Reached XP level 4. HP: 24/25 MP: 13/13
  2373 | D:3      | Found a broken altar of Ashenzari.
  2377 | D:3      | Saw a vision of the Shoals and the Snake Pit.
  2377 | D:3      | Noticed a merfolk siren
  2377 | D:3      | Noticed a black mamba
  2377 | D:3      | Noticed a merfolk
  2377 | D:3      | Noticed a merfolk
  2377 | D:3      | Noticed a black mamba
  2377 | D:3      | Noticed a mana viper
  2377 | D:3      | Noticed a naga
  2377 | D:3      | Noticed a snapping turtle
  2377 | D:3      | Noticed a water elemental
  2377 | D:3      | Noticed a water nymph
  2377 | D:3      | Noticed a merfolk avatar
  2378 | D:3      | Noticed a harpy
  2378 | D:3      | Noticed a shock serpent
  2379 | D:3      | Noticed a naga mage
  2379 | D:3      | Noticed a kraken
  2379 | D:3      | Noticed a black mamba
  2725 | D:3      | Reached skill level 6 in Spellcasting
  2853 | D:3      | Found a burning altar of Makhleb.
  2853 | D:3      | Noticed an Executioner
  2856 | D:3      | Noticed an orange demon
  2856 | D:3      | Noticed an orange demon
  2906 | D:3      | Reached XP level 5. HP: 29/29 MP: 15/15
  2931 | D:3      | Found a snail-covered altar of Cheibriados.
  3257 | D:3      | Noticed Robin
  3285 | D:3      | Killed Robin
  3286 | D:3      | Reached skill level 1 in Poison Magic
  3614 | D:4      | Reached skill level 1 in Air Magic
  3768 | D:4      | Noticed Eustachio
  3778 | D:4      | Noticed Dowan
  3812 | D:4      | Killed Eustachio
  3812 | D:4      | Killed Dowan
  3813 | D:4      | Reached skill level 7 in Spellcasting
  3813 | D:4      | Reached XP level 6. HP: 34/35 MP: 11/18
  3822 | D:4      | Noticed Duvessa
  3861 | D:4      | Killed Duvessa
  3862 | D:4      | Reached XP level 7. HP: 34/39 MP: 15/20
  4050 | D:4      | Reached skill level 8 in Spellcasting
  4067 | D:4      | Noticed Natasha
  4069 | D:4      | Reached skill level 1 in Necromancy
  4080 | D:4      | Killed Natasha
  4135 | D:4      | Noticed Natasha
  4151 | D:4      | Killed Natasha
  4165 | D:4      | Noticed Natasha
  4173 | D:4      | Killed Natasha
  4284 | D:4      | Noticed Sigmund
  4288 | D:4      | Noticed Ijyb
  4295 | D:4      | Killed Sigmund
  4296 | D:4      | Reached XP level 8. HP: 45/45 MP: 22/22
  4302 | D:4      | Killed Ijyb
  4462 | D:4      | Identified the +12 falchion "Killer Bee's Foe" {freeze,
                  | +Blink rC- Str-3 Int+8}
  4629 | D:4      | Found a runed translucent door.
  4630 | D:4      | Noticed Crazy Yiuf
  4639 | D:4      | Killed Crazy Yiuf
  4782 | D:5      | Entered Level 5 of the Dungeon
  4789 | D:5      | Found a staircase to the Ecumenical Temple.
  4830 | Temple   | Entered the Ecumenical Temple
  4863 | Temple   | Became a worshipper of Vehumet
  5029 | D:5      | Reached skill level 9 in Spellcasting
  5065 | D:5      | Reached skill level 1 in Evocations
  5656 | D:5      | Found a runed translucent door.
  5661 | D:5      | Noticed teh's ghost (novice GnWn)
  5688 | D:5      | Found a runed translucent door.
  5815 | D:6      | Found an ancient bone altar of Kikubaaqudgha.
  5819 | D:6      | Found a basalt altar of Yredelemnul.
  5873 | D:6      | Reached skill level 5 in Conjurations
  5875 | D:6      | Reached * piety under Vehumet
  5875 | D:6      | Offered knowledge of Sandblast by Vehumet.
  5956 | D:6      | Noticed Maggie
  6014 | D:6      | Found a glowing silver altar of Zin.
  6015 | D:6      | Found a sacrificial altar of Ru.
  6019 | D:6      | Found a blossoming altar of Fedhas.
  6166 | D:6      | Reached skill level 10 in Spellcasting
  6213 | D:6      | Noticed Grinder
  6229 | D:6      | Killed Grinder
  6321 | D:6      | You fall into a shaft and drop 2 floors!
  6380 | D:8      | Reached XP level 9. HP: 46/47 MP: 25/25
  6459 | D:8      | Learned a level 3 spell: Stone Arrow
  6507 | D:8      | Found Plog's General Store.
  6515 | D:8      | Bought a scroll of teleportation for 42 gold pieces
  6515 | D:8      | Bought a scroll of teleportation for 42 gold pieces
  6515 | D:8      | Bought a scroll of identify for 28 gold pieces
  6515 | D:8      | Bought 2 potions of degeneration for 28 gold pieces
  6528 | D:8      | Reached skill level 5 in Summonings
  6553 | D:8      | Reached skill level 1 in Earth Magic
  6766 | D:8      | Reached skill level 11 in Spellcasting
  6769 | D:8      | Reached skill level 5 in Necromancy
  7280 | D:8      | Noticed Psyche
  7286 | D:8      | Killed Psyche
  7484 | D:7      | Reached skill level 12 in Spellcasting
  7484 | D:7      | Reached XP level 10. HP: 56/56 MP: 24/28
  7545 | D:7      | Identified the +1 robe of Ymeoqekh {rElec MP+9 Archmagi}
  7782 | D:7      | Found a large runed translucent door.
  7807 | D:7      | Offered knowledge of Foxfire by Vehumet.
  7811 | D:7      | Learned a level 1 spell: Foxfire
  7915 | D:7      | Found a large runed translucent door.
  8199 | D:7      | Found a shimmering altar of Xom.
  8204 | D:7      | Found a shimmering blue altar of Sif Muna.
  8262 | D:6      | Killed Maggie
  8263 | D:6      | Reached skill level 1 in Shields
  8263 | D:6      | Reached skill level 1 in Fire Magic
  8364 | D:6      | Noticed Blork the orc
  8366 | D:6      | Killed Blork the orc
  8627 | D:9      | Noticed a gargoyle
  8630 | D:9      | Killed a gargoyle
  8800 | D:9      | Reached ** piety under Vehumet
  9087 | D:9      | Noticed a manticore
  9094 | D:9      | Killed a manticore
  9095 | D:9      | Reached skill level 13 in Spellcasting
  9118 | D:9      | Offered knowledge of Dazzling Flash by Vehumet.
  9279 | D:9      | Noticed a purple ugly thing
  9288 | D:9      | Killed a purple ugly thing
  9605 | D:10     | Entered Level 10 of the Dungeon
  9607 | D:10     | Noticed Lodul
  9626 | D:10     | Killed Lodul
  9629 | D:10     | Reached XP level 11. HP: 24/60 MP: 17/30
  9640 | D:10     | Reached *** piety under Vehumet
  9641 | D:10     | Reached skill level 14 in Spellcasting
  9709 | D:10     | Noticed a two-headed ogre
  9713 | D:10     | Killed a two-headed ogre
  9892 | D:10     | Found a staircase to the Lair.
 10887 | D:11     | Found a staircase to the Orcish Mines.
 10904 | D:11     | Noticed a two-headed ogre
 10910 | D:11     | Killed a two-headed ogre
 11277 | D:11     | Offered knowledge of Kindle Blastsparks by Vehumet.
 11286 | D:11     | Reached skill level 5 in Fire Magic
 11492 | D:11     | Reached skill level 15 in Spellcasting
 12899 | D:12     | Noticed Nergalle
 12906 | D:12     | Killed Nergalle
 12907 | D:12     | Noticed an eight-headed hydra
 12914 | D:12     | Killed an eight-headed hydra
 13034 | D:12     | Noticed a cyan ugly thing
 13184 | D:11     | Learned a level 6 spell: Iron Shot
 13233 | D:12     | Noticed Rupert
 13235 | D:12     | Paralysed by Rupert for 3 turns
 13251 | D:12     | Killed Rupert
 13251 | D:12     | Reached **** piety under Vehumet
 13252 | D:12     | Reached skill level 16 in Spellcasting
 13252 | D:12     | Reached XP level 12. HP: 64/64 MP: 15/34
 13429 | D:12     | Reached skill level 5 in Shields
 13430 | D:12     | HP: 1/64 [something (3)]
 13606 | D:12     | Offered knowledge of Arcjolt by Vehumet.
 14313 | D:12     | Slain by a meliai

Illustrated notes

Levels and vault maps discovered:
D:1:      elethiomel_arrival_quiet, layout_basic
D:2:      minmay_roachtagon, layout_basic, corner_web_ring,
          nicolae_underground_beach
D:3:      kennysheep_goblin_castle, layout_rooms, slow_altar_1,
          grunt_ashenzari_visionary [grunt_ashenzari_visionary_shoals,
          grunt_ashenzari_visionary_snake], makhleb_altar_promises_db
D:4:      layout_basic, uniq_duvessa, uniq_sigmund, uniq_crazy_yiuf_cottage,
          uniq_natasha, uniq_ijyb, uniq_eustachio
D:5:      layout_basic, minmay_temple_entry_statues, ebering_ghost_sewer_f
D:6:      layout_cave_pools, grunt_temple_overflow_open, uniq_blork_the_orc,
          uniq_grinder, uniq_maggie
D:7:      layout_basic, jmf_multi_god_temple2
D:8:      layout_basic, serial_shops, nicolae_shop_hallway_stairs,
          hangedman_incinerator, uniq_psyche
D:9:      layout_gridville
D:10:     layout_layer_cave, lair_entry_dummy, chequers_serial_rivers_small_a,
          uniq_lodul
D:11:     layout_layer_cave, david_orc_2, serial_co_window_serial,
          co_window_corner_a, co_window_corner_a, co_window_paths_b,
          co_window_corner_a, co_window_corner_a, co_window_corner_a,
          co_window_unsneaky_path_a, co_window_broadway_a, co_window_paths_c,
          co_window_4corner_a, co_window_4corner_b, glass_columns_a,
          glass_columns_a, hex_medium
D:12:     layout_basic, drop_trap, minivault_1, uniq_rupert, uniq_nergalle
Temple:   hellmonk_temple_two_chambers

Skill      XL: |  1  2  3  4  5  6  7  8  9 10 11 12 |
---------------+-------------------------------------+-----
Spellcasting   | 5 6 7 8 10 12 13 16 | 16.5
Fighting       | 1 2 3 |  3.0
Armour         | 1 2 3 |  3.4
Conjurations   | 2 3 4 5 6 7 9 |  9.7
Stealth        | 3 |  3.0
Dodging        | 3 |  3.0
Poison Magic   | 1 |  1.0
Air Magic      | 1 |  1.0
Summonings     | 2 3 4 5 6 |  6.1
Necromancy     | 2 4 5 6 |  6.0
Evocations     | 1 |  1.0
Earth Magic    | 1 |  1.1
Shields        | 3 4 5 |  5.2
Fire Magic     | 3 6 |  6.8
Translocations | |  1.1

Action                     |  1- 3 |  4- 6 |  7- 9 | 10-12 || total
---------------------------+-------+-------+-------+-------++-------
  Melee: Dagger            |    39 |     4 |       |       ||    43
         Punch             |     1 |       |       |     1 ||     2
         Flail             |       |    37 |    25 |       ||    62
         Falchion          |       |       |    48 |    37 ||    85
   Cast: Magic Dart        |   115 |   170 |   165 |    14 ||   464
         Call Imp          |     3 |     3 |     4 |     1 ||    11
         Mephitic Cloud    |       |    13 |    21 |    32 ||    66
         Stone Arrow       |       |       |    33 |   158 ||   191
         Foxfire           |       |       |       |   146 ||   146
         Blink             |       |       |       |     3 ||     3
    Use: Scroll            |       |       |       |     1 ||     1
   Stab: Distracted        |     1 |       |       |       ||     1
         Confused          |       |     6 |    10 |     1 ||    17
 Armour: Robe              |    29 |    17 |       |       ||    46
         Leather armour    |       |    11 |    51 |       ||    62
         Acid dragon scale |       |       |       |    30 ||    30
  Dodge: Dodged            |    63 |    57 |    68 |    43 ||   231

Table legend: (Time is in decaauts)
 A = Elapsed time spent in this place.
 B = Non-inter-level travel time spent in this place.
 C = Inter-level travel time spent in this place.
 D = Time resting spent in this place.
 E = Time spent auto-exploring this place.
 F = Levels seen in this place.
 G = Mean time per level.
                   A        B        C        D        E       F      G
               +--------+--------+--------+--------+--------+-----+--------+
         Total |  14371 |  13900 |    471 |   1315 |  10354 |  13 | 1105.5 |
       Dungeon |  14185 |  13719 |    466 |   1182 |  10328 |  12 | 1182.1 |
        Temple |    186 |    181 |      5 |    133 |     26 |   1 |  186.0 |
               +--------+--------+--------+--------+--------+-----+--------+

Top non-repeatable levels by time:
    D:11: 2031 daAuts
    D:12: 1406 daAuts
     D:2: 1389 daAuts
    D:10: 1288 daAuts
     D:3: 1258 daAuts
     D:4: 1242 daAuts
     D:8: 1112 daAuts
     D:9: 1059 daAuts
     D:5: 930 daAuts
     D:1: 913 daAuts
     D:7: 853 daAuts
     D:6: 698 daAuts
  Temple: 186 daAuts
